 Dungeon Crawl Stone Soup version 0.28.0 (webtiles) character file.

Game seed: 16472232263590142188

601469 Dani the Royal Jelly (level 25, -1/259 HPs)
             Began as a Deep Dwarf Hedge Wizard on Feb 18, 2022.
             Was the Champion of Jiyva.
             Slain by Tiamat (58 damage)
             ... on level 3 of the Realm of Zot.
             The game lasted 02:47:48 (41685 turns).

Dani the Royal Jelly (Deep Dwarf Hedge Wizard)     Turns: 41685, Time: 02:47:49

Health: -1/259     AC: 39    Str: 35    XL:     25   Next: 97%
Magic:  16/16      EV: 17    Int: 22    God:    Jiyva [******]
Gold:   1617       SH: 21    Dex: 14    Spells: 28/29 levels left

rFire   + + +      SeeInvis .   C - +9 broad axe (elec)
rCold   + + .      Faith    .   h - +0 kite shield of Wuifext {Will++ Str+2}
rNeg    + . .      Spirit   .   q - +1 gold dragon scales
rPois   +          Reflect  +   (helmet restricted)
rElec   +          Harm     .   e - +2 cloak
rCorr   +          Rampage  .   J - +3 pair of gauntlets of War {Slay+5}
Will    +++++                   V - +2 pair of boots {Fly}
Stlth   ..........              b - amulet "Jaffamp" {Reflect rElec Str+4 Slay+3 SH+5}
HPRegen 1.60/turn               S - ring "Liawni" {rF+ rC+ rCorr Str+7 Int+3}
MPRegen 0.65/turn               p - ring "Plog" {rF+ rCorr AC+4 Slay+3}

@: lethally poisoned (-1 -> -1), flying, hasted, studying Staves, very quick
A: damage resistance, heal wounds, negative energy resistance 1, sense
surroundings 3, no regeneration, horns 2, talons 1, iridescent scales 1, agile
1, strong-willed 2, mutation resistance 1, robust 1, wild magic 3, eyeballs 1,
gelatinous body 2, pseudopods 1, jelly absorbing missiles
}: 4/15 runes: decaying, serpentine, slimy, silver
a: Heal Wounds, Renounce Religion, Oozemancy, Slimify


You were on level 3 of the Realm of Zot.
You worshipped Jiyva.
Jiyva was exalted by your worship.
You visited 10 branches of the dungeon, and saw 51 of its levels.
You visited 1 ziggurat, and saw 8 of its levels.
You also visited: Trove and Volcano.

You collected 6484 gold pieces.
You spent 4867 gold pieces at shops.

Inventory:

Hand Weapons
 C - a +9 broad axe of electrocution (weapon)
   (You took it off a vault warden on level 4 of the Vaults)
 O - a +1 broad axe of flaming
   (You took it off a spriggan berserker on level 1 of the Depths)
Missiles
 y - 6 curare-tipped darts
 Z - a throwing net
Armour
 e - a +2 cloak (worn)
   (You took it off a draconian knight on level 1 of the Realm of Zot)
 h - the +0 kite shield of Wuifext (worn) {Will++ Str+2}
   (You bought it in a shop on level 2 of the Orcish Mines)

   Str:       It affects your strength (+2).
   Will:      It greatly increases your willpower.
 q - +1 gold dragon scales (worn)
   (You found it on level 2 of the Depths)
 r - a +0 tower shield
   (You took it off a vault guard on level 4 of the Vaults)
 w - the +5 helmet of Eternity {rC- Slay+4 SInv}
   (You bought it in a shop on level 7 of the Dungeon)

   Slay:      It affects your accuracy & damage with ranged weapons and melee
   (+4).
   rC:        It makes you vulnerable to cold.
   SInv:      It lets you see invisible.
 F - the +5 plate armour of Honour {rF++ Dex-3 Slay+3}
   (You found it on level 3 of the Vaults)

   Dex:       It affects your dexterity (-3).
   Slay:      It affects your accuracy & damage with ranged weapons and melee
   (+3).
   rF:        It greatly protects you from fire.
 J - the +3 pair of gauntlets of War (worn) {Slay+5}
   (You found it in a volcano)

   Slay:      It affects your accuracy & damage with ranged weapons and melee
   (+5).
 V - a +2 pair of boots of flying (worn)
   (You acquired it on level 4 of the Dungeon)
Jewellery
 b - the amulet "Jaffamp" (around neck) {Reflect rElec Str+4 Slay+3 SH+5}
   (You bought it in a shop on level 2 of the Orcish Mines)

   [amulet of reflection]

   It reflects blocked missile attacks.
   Str:       It affects your strength (+4).
   Slay:      It affects your accuracy & damage with ranged weapons and melee
   (+3).
   rElec:     It insulates you from electricity.
   SH:        It affects your SH (+5).
 c - the amulet of Ihisaxon {RegenMP *Corrode rPois Will+++ Dex+3}
   (You found it in a treasure trove)

   [amulet of magic regeneration]

   It increases your rate of magic regeneration.
   Dex:       It affects your dexterity (+3).
   rPois:     It protects you from poison.
   *Corrode:  It may corrode you when you take damage.
   Will:      It greatly increases your willpower.
 f - the amulet of the Four Winds {rN+ Will+++ Clar}
   (You bought it in a shop on level 2 of the Orcish Mines)

   [amulet of nothing]

   rN:        It protects you from negative energy.
   Clar:      It protects you against confusion.
   Will:      It greatly increases your willpower.
 l - the ring of Idealism {rPois rF+ rN+}
   (You found it in a treasure trove)

   [ring of positive energy]

   rF:        It protects you from fire.
   rPois:     It protects you from poison.
   rN:        It protects you from negative energy.
 o - the amulet of Lady Luck {Spirit Str+10}
   (You found it in a treasure trove)

   [amulet of guardian spirit]

   It causes incoming damage to be divided between your reserves of health and
   magic.
   Str:       It affects your strength (+10).
 p - the ring "Plog" (right hand) {rF+ rCorr AC+4 Slay+3}
   (You found it on level 5 of the Pits of Slime)

   [ring of protection]

   AC:        It affects your AC (+4).
   Slay:      It affects your accuracy & damage with ranged weapons and melee
   (+3).
   rF:        It protects you from fire.
   rCorr:     It protects you from acid and corrosion.
 s - a ring of see invisible
   (You found it on level 3 of the Lair of Beasts)
 v - the ring of the Burgomaster {rF+ Will+}
   (You took it off a salamander on level 2 of the Depths)

   [ring of protection from fire]

   rF:        It protects you from fire.
   Will:      It increases your willpower.
 S - the ring "Liawni" (left hand) {rF+ rC+ rCorr Str+7 Int+3}
   (You acquired it on level 6 of the Dungeon)

   [ring of protection from fire]

   Str:       It affects your strength (+7).
   Int:       It affects your intelligence (+3).
   rF:        It protects you from fire.
   rC:        It protects you from cold.
   rCorr:     It protects you from acid and corrosion.
Wands
 A - a wand of acid (12)
   (You found it on level 8 of the Dungeon)
 D - a wand of digging (18)
   (You found it on level 4 of the Dungeon)
 I - a wand of iceblast (24)
   (You found it on level 6 of the Dungeon)
 P - a wand of paralysis (29)
   (You found it on level 5 of the Dungeon)
Scrolls
 g - 2 scrolls of holy word
 j - 6 scrolls of fog
 u - 4 scrolls of enchant weapon
 z - 2 scrolls of fear
 B - a scroll of blinking
 K - 4 scrolls of silence
 M - 6 scrolls of magic mapping
 N - 5 scrolls of vulnerability
 R - 2 scrolls of summoning
 T - 6 scrolls of teleportation
 Y - 4 scrolls of immolation
Potions
 a - 5 potions of mutation {!q}
 d - 5 potions of might
 k - 2 potions of resistance
 n - 4 potions of cancellation
 t - a potion of ambrosia
 x - 7 potions of heal wounds
 E - 2 potions of attraction
 H - 2 potions of haste
 Q - 15 potions of curing {@q1}
 W - 5 potions of invisibility
Miscellaneous
 i - a phantom mirror
   (You found it on level 2 of the Depths)
 m - a condenser vane (inert)
   (You bought it in a shop on level 2 of the Orcish Mines)
 L - a tin of tremorstones (inert)
   (You found it on level 3 of the Lair of Beasts)
 U - a box of beasts
   (You found it on level 5 of a ziggurat)
 X - a phial of floods
   (You found it on level 2 of the Depths)


   Skills:
 - Level 16.2 Fighting
 - Level 9.1 Long Blades
 - Level 22.8 Axes
 - Level 21.0 Armour
 - Level 19.2 Dodging
 - Level 2.4 Stealth
 - Level 21.4 Shields
 - Level 2.6 Spellcasting
 - Level 0.8 Conjurations
 - Level 0.8 Summonings
 - Level 1.1 Translocations
 + Level 23.6 Invocations
 - Level 23.0 Evocations


You had 28 spell levels left.
You knew the following spells:

 Your Spells              Type           Power      Damage    Failure   Level
a - Magic Dart            Conj           48%        1d5       85%         1

Your spell library contained the following spells:

 Spells                   Type           Power      Damage    Failure   Level
 Foxfire                  Conj/Fire      36%        2x1d5     87%         1
 Blink                    Tloc           28%        N/A       90%         2
 Animate Skeleton         Necr           10%        N/A       91%         1
 Beastly Appendage        Tmut           10%        N/A       91%         1
 Freeze                   Ice            20%        1d4       91%         1
 Pain                     Necr           20%        1d5       91%         1
 Slow                     Hex            20%        N/A       91%         1
 Call Imp                 Summ           12%        N/A       92%         2
 Corpse Rot               Necr/Air       10%        N/A       96%         2
 Ensorcelled Hibernation  Hex/Ice        10%        N/A       96%         2
 Passwall                 Tmut/Erth      4%         N/A       96%         2
 Poisonous Vapours        Pois/Air       10%        N/A       96%         2
 Wereblood                Tmut           5%         N/A       96%         2
 Gell's Gravitas          Tloc           14%        N/A       98%         3
 Lesser Beckoning         Tloc           14%        N/A       98%         3
 Teleport Other           Tloc           14%        N/A       98%         3
 Confusing Touch          Hex            5%         N/A       99%         3
 Conjure Flame            Conj/Fire      9%         6-21      99%         3
 Frozen Ramparts          Ice            10%        1d3       99%         3
 Inner Flame              Hex/Fire       5%         N/A       99%         3
 Mephitic Cloud           Conj/Pois/Air  7%         N/A       99%         3
 Spider Form              Tmut/Pois      5%         N/A       99%         3
 Stone Arrow              Conj/Erth      18%        3d8       99%         3
 Swiftness                Air            5%         N/A       99%         3
 Tukima's Dance           Hex            5%         N/A       99%         3
 Vampiric Draining        Necr           5%         2d6       99%         3
 Airstrike                Air            2%         N/A       100%        4
 Anguish                  Hex/Necr       2%         N/A       100%        4
 Animate Armour           Summ/Erth      18%        N/A       100%        4
 Animate Dead             Necr           2%         N/A       100%        4
 Flame Wave               Conj/Fire      9%         2d5       100%        4
 Hailstorm                Conj/Ice       9%         3d4       100%        4
 Ice Form                 Ice/Tmut       5%         N/A       100%        4
 Leda's Liquefaction      Hex/Erth       2%         N/A       100%        4
 Olgreb's Toxic Radiance  Pois           5%         N/A       100%        4
 Passage of Golubria      Tloc           14%        N/A       100%        4
 Summon Ice Beast         Ice/Summ       9%         N/A       100%        4
 Summon Lightning Spire   Summ/Air       9%         N/A       100%        4
 Alistair's Intoxication  Tmut/Pois      3%         N/A       100%        5
 Blade Hands              Tmut           2%         N/A       100%        5
 Irradiate                Conj/Tmut      4%         3d15      100%        5
 Iskenderun's Battlesphe  Conj           12%        2d7       100%        5
 Lee's Rapid Deconstruct  Erth           2%         3d6*      100%        5
 Lightning Bolt           Conj/Air       4%         1d16      100%        5
 Manifold Assault         Tloc           14%        N/A       100%        5
 Silence                  Hex/Air        2%         N/A       100%        5
 Yara's Violent Unravell  Hex/Tmut       2%         3d3       100%        5
 Dispersal                Tloc           7%         N/A       100%        6
 Iron Shot                Conj/Erth      4%         9d2       100%        6
 Simulacrum               Ice/Necr       2%         N/A       100%        6
 Statue Form              Tmut/Erth      3%         N/A       100%        6
 Dragon Form              Tmut           2%         N/A       100%        7
 Enfeeble                 Hex            2%         N/A       100%        7
 Spellforged Servitor     Conj/Summ      6%         N/A       100%        7
 Storm Form               Tmut/Air       2%         N/A       100%        7
 Infestation              Necr           2%         N/A       100%        8
 Lehudib's Crystal Spear  Conj/Erth      4%         10d3      100%        8
 Necromutation            Tmut/Necr      2%         N/A       100%        8


Dungeon Overview and Level Annotations

Branches:
Dungeon (15/15)            Temple (0/1) D:4            Lair (6/6) D:9
  Swamp (4/4) Lair:2        Snake (4/4) Lair:3        Slime (5/5) Lair:5
    Orc (2/2) D:9             Elf (3/3) Orc:2        Vaults (5/5) D:13
  Crypt (0/3) Vaults:2     Depths (4/4) D:15            Zot (3/5) Depths:4
Volcano (visited)

Altars:
Ashenzari
Dithmenos
Elyvilon
Fedhas
Gozag
Kikubaaqudgha
Okawaru
Qazlal
Ru
Sif Muna
Trog
Vehumet
Yredelemnul
Zin
The Shining One
Jiyva

Shops:
D:4 (   D:5 [   D:7 [(:?!   D:9 *   D:10 :   Orc:2 :(((=*   Elf:1 *   Elf:2 (
Vaults:5 [=*?   Depths:1 !

Portals:
Hell: Depths:1 Depths:2 Depths:3 Depths:4
Abyss: Depths:1 Depths:3
Pandemonium: Depths:1 Depths:2 Depths:3

Annotations:
D:3 Grinder
D:5 1 runed translucent door, exclusion: door, Crazy Yiuf
Swamp:4 exclusion: 3 oklob plants
Snake:4 3 runed translucent doors, Mesuenwa's ghost, adept DEWz
Slime:5 Royal Jelly
Elf:2 2 runed translucent doors
Depths:2 2 transporters
Zot:3 2 transporters, Tiamat


Innate Abilities, Weirdness & Mutations

You are resistant to damage.
You can heal yourself by infusing magical energy.
You resist negative energy. (rN+)
You passively map a large area around you.
You do not regenerate.
You have a pair of horns on your head.
You have sharp toenails.
You are partially covered in iridescent scales. (AC +2)
You are agile. (Dex +2)
You are highly strong-willed. (Will++)
You are somewhat resistant to further mutation.
You are robust. (+10% HP)
Your spells are much harder to cast, but much more powerful.
Your body has grown eyes which may confuse attackers. (Acc +3)
Your pliable body absorbs attacks. (AC +2, EV +2)
Armour fits poorly on your pseudopods.
You have a small jelly attached to you that may absorb projectiles.


Message History

The burst of rock shards engulfs the purple draconian shifter!
The burst of rock shards engulfs the yellow draconian.
The burst of rock shards engulfs the white draconian!!
The burst of rock shards engulfs the purple draconian shifter!
You kill the purple draconian shifter!
The burst of rock shards engulfs the white draconian!!
The burst of rock shards engulfs the yellow draconian.
The burst of rock shards engulfs the yellow draconian!
The burst of rock shards engulfs the white draconian.
The burst of rock shards engulfs the yellow draconian. x2
The burst of rock shards engulfs the white draconian but does no damage.
The burst of rock shards engulfs the yellow draconian! x2
You kill the yellow draconian!
The tin is emptied!
Tiamat hits you with a +2 demon trident of electrocution!!!
* * * LOW HITPOINT WARNING * * *
You block Tiamat's attack.
The white draconian is engulfed in poison gas.
The white draconian looks even sicker.
You kill the white draconian!
You block the green draconian's attack.
The green draconian tail-slaps you but does no damage.
You block Tiamat's attack. Tiamat closely misses you.
The yellow draconian is engulfed in poison gas.
The yellow draconian looks as sick as possible!
Your magical essence is drained by the effort!
You feel much better.
You are no longer poisoned.
Tiamat hits you with a +2 demon trident of electrocution.
* * * LOW HITPOINT WARNING * * *
You block Tiamat's attack. You block the green draconian's attack.
The green draconian tail-slaps you but does no damage.
The yellow draconian looks as sick as possible!
You feel yourself speed up. Tiamat completely misses you.
You block Tiamat's attack.
The green draconian breathes poison at you.
The blast of poison engulfs you but does no damage.
You resist.
The yellow draconian is engulfed in poison gas.
The yellow draconian looks as sick as possible!
You block Tiamat's attack.
Tiamat tail-slaps you but does no damage.
You feel much better.
Tiamat hits you with a +2 demon trident of electrocution!!!
* * * LOW HITPOINT WARNING * * *
Tiamat tail-slaps you!
* * * LOW HITPOINT WARNING * * *
You block the green draconian's attack. x2
The yellow draconian is engulfed in poison gas.
The yellow draconian looks as sick as possible!
You kill the yellow draconian!
Your magical essence is drained by the effort!
You feel much better.
Tiamat hits you with a +2 demon trident of electrocution.
* * * LOW HITPOINT WARNING * * *
You block Tiamat's attack.
Your magical essence is drained by the effort!
You feel much better. The green draconian closely misses you.
The green draconian tail-slaps you but does no damage.
You block Tiamat's attack. Tiamat barely misses you.
You hit Tiamat. Lightning courses through Tiamat!
You headbutt Tiamat, but do no damage.
Tiamat is moderately wounded.
You completely miss the green draconian.
Tiamat hits you with a +2 demon trident of electrocution.
Tiamat tail-slaps you!
* * * LOW HITPOINT WARNING * * *
You block Tiamat's attack.
You slash Tiamat! You bludgeon Tiamat!
Tiamat is heavily wounded.
You hit the green draconian.
You block the green draconian's attack. x2
You hit Tiamat but do no damage. You bludgeon Tiamat.
Tiamat is heavily wounded.
You hit the green draconian. You block Tiamat's attack. x2
Tiamat tail-slaps you!
* * * LOW HITPOINT WARNING * * *
You feel much better.
You block the green draconian's attack. x2
You block Tiamat's attack.
Tiamat tail-slaps you but does no damage.
You block Tiamat's attack.
You slice the green draconian!! You headbutt the green draconian!
You bludgeon the green draconian.
The green draconian is almost dead.
You slash Tiamat!
Tiamat hits you with a +2 demon trident of electrocution!!!!
* * * LOW HITPOINT WARNING * * *
You shudder from the blow and a jelly pops out!
You block Tiamat's attack. Tiamat completely misses you.
The green draconian breathes poison at you.
The blast of poison engulfs you but does no damage.
You are poisoned.
You resist.
You carve the green draconian like a ham!!!
You kill the green draconian!
You slice Tiamat!!
Your magical essence is drained by the effort!
You feel much better. You block Tiamat's attack. x2
Tiamat tail-slaps you but does no damage.
Tiamat hits you from afar with a +2 demon trident of electrocution!!!
You die...

* *, , , .....##.###.# * * ,
,, ###+###..##*.# * , , , *
#.........# # , * * *
#.........# , * ,
#.........#* * ,,, ,. *
#.........#* ** ** ...
#....°....######## ,
,.§§§.#####..°..........(. ,
,,,.§.§)§d°@°.°°>###########
, ##§§§)J######.# .,, ,* *
#.§§§) #.# . , + ....§.† ,
... * ,,, , .......* * #...
* ..##### #.#. +, , . * *
#...# , , ,,, , , ^, ,* , ,
* *


You could see Tiamat (berserk, ally target) and a friendly quicksilver ooze
(summoned).

Vanquished Creatures
  A pandemonium lord (Zig:1)
  A dread lich (Vaults:4)
  3 ancient liches
  Mennas (Vaults:5)
  Margery (Vaults:4)
  A caustic shrike (shapeshifter) (Zig:7)
  Saint Roka (Depths:2)
  9 caustic shrikes
  A Killer Klown (Zig:7)
  4 golden dragons
  2 bone dragons (Depths:4)
  12 tentacled monstrosities
  7 liches
  A walking crystal tome (Depths:3)
  2 walking earthen tomes (Depths:3)
  6 titans
  2 quicksilver dragons
  3 deep elf blademasters
  4 deep elf master archers
  3 death cobs (Zot:2)
  3 walking frostbound tomes
  7 tengu reavers
  An ancient champion (Depths:2)
  2 sphinxes (Vaults:5)
  15 shadow dragons
  3 storm dragons
  4 draconian monks
  3 nagarajas (Snake:4)
  5 thorn hunters
  2 draconian knights
  17 fire giants
  Aizul (Snake:1)
  2 fenstrider witches
  5 deep elf sorcerers
  A draconian scorcher (Zot:3)
  A ghost moth (Zot:1)
  22 frost giants
  3 spectral caustic shrikes (Depths:1)
  23 vault wardens
  5 orc warlords
  A draconian shifter (Zot:3)
  2 angels (Depths:1)
  2 iron dragons
  A draconian stormcaller (Depths:4)
  3 war gargoyles
  8 deep elf elementalists (Elf:3)
  3 draconian annihilators
  18 ironbound preservers
  The ghost of ultrashaft the Archer, a journeyman DsAM of Ashenzari (Lair:3)
  11 very ugly things
  3 ghouls (Swamp:1)
  6 vampire knights
  2 green draconians
  28 stone giants
  A reaper (Zig:2)
  6 black draconians
  4 ironbound thunderhulks
  9 deep elf annihilators
  2 hydra skeletons (Swamp:4)
  A demonspawn black sun (Zig:8)
  An entropy weaver (Vaults:4)
  A minotaur (Lair:3)
  5 eleionomae
  10 deep elf demonologists
  A dire elephant (shapeshifter) (Zig:7)
  4 bunyips
  8 red draconians
  8 white draconians
  8 yellow draconians
  7 spark wasps
  3 purple draconians
  17 dire elephants
  8 deep elf death magi
  3 mummy priests (Zig:3)
  12 ettins
  3 shambling mangroves (Swamp:4)
  A fire dragon (shapeshifter) (Vaults:5)
  Josephine (D:13)
  4 fire dragons
  3 crystal guardians
  4 deep elf high priests
  18 yaktaur captains
  16 naga warriors
  6 ice dragons
  23 hydras
  5 rakshasas
  41 vault guards
  6 boulder beetles
  6 salamander tyrants
  9 spriggan air magi
  A spriggan zombie (Depths:3)
  6 peacekeepers
  10 ironbound frosthearts
  12 anacondas
  6 ogre magi
  2 ghost crabs (Swamp:4)
  20 centaur warriors
  A spectral frost giant (Depths:3)
  10 two-headed ogres
  A death knight (D:12)
  3 catoblepae
  11 alligators
  16 death yaks
  8 deep troll shamans
  18 dancing weapons
  7 tengu warriors
  10 deep troll earth magi
  A titan zombie (Depths:3)
  8 spriggan berserkers
  6 orc high priests
  3 vampire magi
  16 hell knights
  8 shock serpents
  3 soul eaters (Depths:3)
  10 deep elf knights
  9 naga sharpshooters
  Sonja (Lair:3)
  10 iron trolls
  6 goliath frogs
  8 skeletal warriors
  A storm dragon zombie (Depths:3)
  A fire crab (Lair:5)
  10 salamander mystics
  A shadow wraith (Depths:3)
  3 sea snakes
  4 spriggan druids
  A storm dragon skeleton (Vaults:2)
  A sea snake (shapeshifter) (Depths:2)
  55 deep trolls
  A shadow demon (Depths:1)
  27 ironbound convokers
  An orange crystal statue (Zot:1)
  25 deep elf archers
  An obsidian statue (Zot:1)
  8 flayed ghosts
  4 spectral hydras (Swamp:4)
  6 naga ritualists
  13 wizards
  4 bog bodies
  18 harpies
  25 deep elf zephyrmancers
  9 necromancers
  A large abomination (Zig:2)
  11 swamp dragons
  17 lindwurms
  4 orc knights
  Pikel (D:4)
  3 phantasmal warriors
  35 ugly things
  13 mana vipers
  19 deep elf pyromancers
  3 oklob plants (Zot:1)
  A frost giant zombie (Vaults:2)
  26 salamanders
  4 will-o-the-wisps
  16 elephants (Lair:5)
  4 moths of wrath
  2 orc sorcerers
  2 manticores
  8 cyclopes
  Maurice (D:9)
  A centaur zombie (D:11)
  16 naga magi
  Joseph (D:8)
  A rust devil (Depths:1)
  2 torpor snails (Lair:4)
  2 water nymphs (Zig:6)
  12 guardian serpents
  34 black mambas
  An apocalypse crab (Zig:7)
  A black mamba (shapeshifter) (D:14)
  3 gargoyles
  19 vault sentinels
  14 cane toads
  A smoke demon (Depths:1)
  2 efreet
  A kobold demonologist (D:11)
  3 freezing wraiths
  9 komodo dragons
  4 rime drakes
  A tengu conjurer (D:14)
  2 ice devils (Lair:1)
  17 yaktaurs
  2 guardian mummies
  An ancient zyme (Zig:2)
  A meliai (D:14)
  6 polar bears
  13 trolls
  12 tyrant leeches
  2 merfolk (Zig:6)
  A meliai (shapeshifter) (D:13)
  A red devil (Depths:1)
  3 death drake zombies (Swamp:4)
  4 hydra zombies (Swamp:4)
  Prince Ribbit (D:6)
  A tarantella (Vaults:4)
  28 hornets
  A death drake skeleton (Swamp:4)
  A wind drake (Zig:6)
  25 blink frogs
  8 dream sheep
  3 snapping turtles (Zig:6)
  A culicivora (shapeshifter) (D:13)
  2 shadows
  3 air elementals
  7 wyverns
  Sigmund (D:5)
  A water elemental (Elf:3)
  28 spriggans
  8 wraiths
  10 fire elementals
  A vampire (D:14)
  37 yaks
  A redback (Vaults:4)
  2 basilisks (shapeshifter)
  6 basilisks
  2 steam dragons (D:10)
  An elf skeleton (Vaults:2)
  A neqoxec (Depths:1)
  15 vampire mosquitoes
  4 chaos spawn (Zig:7)
  Edmund (D:6)
  Menkaure (D:5)
  6 wargs
  17 swamp worms
  An acid dragon (D:11)
  42 nagas
  13 water moccasins
  Duvessa (D:4)
  42 orc warriors
  2 hydra simulacra (Swamp:4)
  An ogre skeleton (Vaults:2)
  6 swamp drakes
  An ice beast (D:5)
  3 black bears
  3 swamp dragon zombies (Swamp:4)
  10 ogres
  4 necrophages
  3 boggarts (Lair:6)
  72 wolves
  26 centaurs
  3 phantoms
  Blork the orc (D:4)
  A kobold brigand (D:8)
  10 bullfrogs
  4 scorpions
  4 earth elementals
  A wyvern zombie (D:6)
  A gnoll sergeant (D:10)
  Dowan (D:4)
  A water moccasin skeleton (D:5)
  4 killer bees (D:9)
  15 wights
  3 howler monkeys
  3 troll zombies (D:9)
  4 electric eels
  A crimson imp (D:3)
  4 jellies
  2 bullfrog skeletons
  23 orc priests
  9 hounds
  2 iguanas
  25 orc wizards
  A hell rat (D:9)
  3 lightning spires (Zot:1)
  A killer bee zombie (D:8)
  5 ogre zombies (D:9)
  A hound skeleton (D:5)
  3 mummies
  A howler monkey zombie (D:9)
  6 adders
  11 gnolls
  A shadow imp (D:7)
  A white imp (D:7)
  3 worms
  An adder skeleton (D:4)
  2 dart slugs
  58 orcs
  8 endoplasms
  2 giant cockroaches
  4 goblins
  4 hobgoblins
  2 jackals (D:3)
  8 kobolds
  A quokka (D:9)
  7 ball pythons
  3 bats
  A frilled lizard (D:3)
  2 goblin skeletons (D:3)
  2 goblin zombies
  3 hobgoblin skeletons (D:9)
  3 hobgoblin zombies
  A kobold skeleton (D:3)
  A kobold zombie (D:7)
  7 orc skeletons
  19 orc zombies
  2 rats
  10 briar patches
  A plant (Lair:5)
2123 creatures vanquished.

Vanquished Creatures (others)
  A lich (Depths:2)
  An azure jelly (D:15)
  4 great orbs of eyes
  An ironbound thunderhulk (Vaults:1)
  A minotaur (D:15)
  A naga warrior (D:15)
  A spriggan air mage (Depths:2)
  An ogre mage (Vaults:5)
  A centaur warrior (D:13)
  An anaconda (shapeshifter) (Depths:2)
  A dancing weapon (Elf:3)
  A naga ritualist (Snake:3)
  2 orb spiders (shapeshifter) (Vaults:5)
  2 glowing orange brains (shapeshifter)
  4 glowing orange brains
  A swamp dragon (shapeshifter) (Vaults:5)
  A wizard (Vaults:1)
  An ironbound convoker (Vaults:4)
  A deep elf zephyrmancer (Elf:1)
  A mana viper (Snake:3)
  A glowing shapeshifter (Vaults:5)
  5 deep elf pyromancers
  An orc sorcerer (Elf:3)
  2 black mambas
  A guardian serpent (Snake:4)
  A vault sentinel (Vaults:4)
  5 yaktaurs
  A slime creature (shapeshifter) (Depths:3)
  A troll (D:10)
  A bloated husk (Swamp:3)
  A wind drake (shapeshifter) (Vaults:5)
  6 slime creatures
  A fire elemental (Elf:3)
  A redback (shapeshifter) (Vaults:5)
  2 nagas
  5 floating eyes
  An orc warrior (D:15)
  A wolf (Lair:6)
  9 centaurs
  344 jellies
  2 orc priests (D:11)
  2 orc wizards (D:11)
  4 orcs
  A briar patch (Swamp:4)
  14 foxfires
  82 fungi
  116 plants
639 creatures vanquished.

Grand Total: 2762 creatures vanquished

Notes
Turn   | Place    | Note
-------+----------+-------------------------------------------
     0 | D:1      | Dani the Deep Dwarf Hedge Wizard began the quest for the
                  | Orb.
     0 | D:1      | Reached XP level 1. HP: 15/15 MP: 4/4
   334 | D:1      | Reached skill level 1 in Axes
   666 | D:2      | Reached skill level 2 in Axes
   666 | D:2      | Reached XP level 2. HP: 14/22 MP: 5/5
   801 | D:2      | Reached skill level 3 in Axes
   811 | D:2      | Identified the +4 dagger of Gloom {freeze, rElec rC+++
                  | Will- Int-3}
   826 | D:2      | Reached XP level 3. HP: 28/28 MP: 7/7
   981 | D:3      | Reached skill level 1 in Long Blades
   988 | D:3      | Found a glowing golden altar of the Shining One.
  1009 | D:3      | Reached skill level 2 in Long Blades
  1009 | D:3      | Reached XP level 4. HP: 34/36 MP: 8/8
  1022 | D:3      | Became a worshipper of the Shining One
  1099 | D:3      | Found an iron altar of Okawaru.
  1101 | D:3      | Found a sacrificial altar of Ru.
  1119 | D:3      | Fell from the grace of the Shining One
  1119 | D:3      | Became a worshipper of Warmaster Okawaru
  1168 | D:3      | Reached skill level 3 in Long Blades
  1183 | D:3      | Found a radiant altar of Vehumet.
  1187 | D:3      | Reached XP level 5. HP: 42/42 MP: 8/8
  1373 | D:3      | Noticed Grinder
  1373 | D:3      | Paralysed by Grinder for 6 turns
  1497 | D:4      | Reached skill level 4 in Long Blades
  1555 | D:4      | Noticed Duvessa
  1591 | D:4      | Noticed Dowan
  1604 | D:4      | Killed Duvessa
  1605 | D:4      | Reached skill level 4 in Axes
  1605 | D:4      | Reached XP level 6. HP: 49/49 MP: 9/9
  1613 | D:4      | Killed Dowan
  1613 | D:4      | Reached * piety under Okawaru
  1640 | D:4      | Found Poqu's Weapon Boutique.
  1824 | D:4      | Reached skill level 1 in Invocations
  1844 | D:4      | Reached skill level 5 in Long Blades
  1844 | D:4      | Reached skill level 5 in Axes
  1844 | D:4      | Reached XP level 7. HP: 50/56 MP: 10/10
  1854 | D:4      | Reached skill level 1 in Armour
  1854 | D:4      | Reached skill level 1 in Shields
  1862 | D:4      | Reached skill level 1 in Fighting
  1909 | D:4      | Reached ** piety under Okawaru
  1919 | D:4      | Noticed Pikel
  1935 | D:4      | HP: 12/57 [Pikel (14)]
  1937 | D:4      | Killed Pikel
  1938 | D:4      | Reached skill level 6 in Axes
  1938 | D:4      | Reached skill level 2 in Armour
  1938 | D:4      | Reached skill level 3 in Dodging
  1938 | D:4      | Reached skill level 2 in Shields
  1938 | D:4      | Reached skill level 2 in Invocations
  1938 | D:4      | Reached XP level 8. HP: 14/67 MP: 9/11
  1972 | D:4      | Found a glowing silver altar of Zin.
  1996 | D:4      | Found an opulent altar of Gozag.
  2095 | D:4      | Found a staircase to the Ecumenical Temple.
  2096 | D:4      | Noticed Blork the orc
  2108 | D:4      | Killed Blork the orc
  2149 | D:4      | Identified a scroll of acquirement
  2149 | D:4      | Acquired a +2 pair of boots of flying
  2248 | D:4      | Reached skill level 2 in Fighting
  2490 | D:5      | Entered Level 5 of the Dungeon
  2494 | D:5      | Reached skill level 3 in Invocations
  2520 | D:5      | Reached skill level 6 in Long Blades
  2525 | D:5      | Noticed Menkaure
  2537 | D:5      | Killed Menkaure
  2537 | D:5      | Reached *** piety under Okawaru
  2646 | D:5      | Reached skill level 3 in Armour
  2646 | D:5      | Reached skill level 4 in Dodging
  2646 | D:5      | Reached skill level 3 in Shields
  2787 | D:5      | Gained mutation: You passively map the area around you.
                  | [Deep Dwarf growth]
  2787 | D:5      | Reached XP level 9. HP: 35/74 MP: 12/12
  2801 | D:5      | Found a white marble altar of Elyvilon.
  2872 | D:5      | Noticed Sigmund
  2889 | D:5      | Reached skill level 7 in Axes
  2889 | D:5      | Reached skill level 4 in Invocations
  2895 | D:5      | Killed Sigmund
  3040 | D:5      | Found Enienin's Antique Armour Shoppe.
  3044 | D:5      | Bought a shiny helmet for 157 gold pieces
  3256 | D:5      | Found a runed translucent door.
  3257 | D:5      | Noticed Crazy Yiuf
  3295 | D:6      | Noticed Prince Ribbit
  3307 | D:6      | Killed Prince Ribbit
  3307 | D:6      | Reached **** piety under Okawaru
  3308 | D:6      | Reached skill level 3 in Fighting
  3625 | D:6      | Reached skill level 4 in Shields
  3634 | D:6      | Reached skill level 4 in Armour
  3634 | D:6      | Reached skill level 5 in Invocations
  3662 | D:6      | Found a bloodstained altar of Trog.
  3708 | D:6      | Noticed Edmund
  3720 | D:6      | Killed Edmund
  3721 | D:6      | Reached skill level 8 in Axes
  3752 | D:6      | Reached skill level 5 in Dodging
  3755 | D:6      | Found a stormy altar of Qazlal.
  3767 | D:6      | Acquired the ring "Liawni" {rF+ rC+ rCorr Str+7 Int+3}
  3839 | D:6      | Reached skill level 1 in Evocations
  3861 | D:6      | Reached skill level 7 in Long Blades
  4399 | D:7      | Found Mosm's Armour Shoppe.
  4421 | D:7      | Found Tosax's Weapon Shop.
  4473 | D:7      | Acquired 939 gold pieces
  4475 | D:7      | Acquired a manual of Shields
  4477 | D:7      | Acquired 618 gold pieces
  4487 | D:7      | Found Qoxewy's Book Boutique.
  4502 | D:7      | Bought the +5 helmet of Eternity {rC- Slay+4 SInv} for 606
                  | gold pieces
  4563 | D:7      | Noticed a boulder beetle
  4572 | D:7      | Found Paysag's Distillery.
  4578 | D:7      | Killed a boulder beetle
  4578 | D:7      | Reached ***** piety under Okawaru
  4579 | D:7      | Reached skill level 2 in Evocations
  4579 | D:7      | Reached XP level 10. HP: 57/85 MP: 9/11
  4593 | D:7      | Bought a potion of heal wounds for 65 gold pieces
  4625 | D:7      | Found Loschu Togg's Magic Scroll Shoppe.
  4633 | D:7      | Bought a scroll of brand weapon for 260 gold pieces
  4633 | D:7      | Bought a scroll of blinking for 97 gold pieces
  4633 | D:7      | Bought a scroll of fear for 45 gold pieces
  4958 | D:8      | Reached skill level 5 in Shields
  4989 | D:8      | Found a shimmering blue altar of Sif Muna.
  5090 | D:8      | Reached skill level 4 in Fighting
  5135 | D:8      | Found an ancient bone altar of Kikubaaqudgha.
  5135 | D:8      | Found a blossoming altar of Fedhas.
  5237 | D:8      | Found a shadowy altar of Dithmenos.
  5245 | D:8      | Reached skill level 6 in Invocations
  5248 | D:8      | Reached skill level 3 in Evocations
  5488 | D:8      | Found a broken altar of Ashenzari.
  5556 | D:8      | Noticed Joseph
  5573 | D:8      | Killed Joseph
  5574 | D:8      | Reached skill level 9 in Axes
  5853 | D:9      | Found Olimeos's General Store.
  5896 | D:9      | Reached skill level 5 in Armour
  5909 | D:9      | Noticed a death yak
  5916 | D:9      | Noticed a death yak
  5919 | D:9      | Noticed a death yak
  5949 | D:9      | Killed a death yak
  5950 | D:9      | Reached skill level 6 in Dodging
  5950 | D:9      | Reached skill level 6 in Shields
  5979 | D:8      | Killed a death yak
  5979 | D:8      | Identified the +6 triple sword "Exauf" {flame, *Rage rElec
                  | rC+ SInv} (Okawaru gifted it to you on level 8 of the
                  | Dungeon)
  5979 | D:8      | Received a gift from Okawaru
  5980 | D:8      | Reached skill level 4 in Evocations
  6058 | D:8      | Killed a death yak
  6082 | D:9      | Found a staircase to the Lair.
  6118 | D:9      | Noticed Maurice
  6127 | D:9      | Killed Maurice
  6128 | D:9      | Reached XP level 11. HP: 78/93 MP: 11/11
  6281 | D:9      | Reached skill level 7 in Invocations
  6351 | D:9      | Found a staircase to the Orcish Mines.
  6454 | D:9      | Noticed a white ugly thing
  6463 | D:9      | HP: 23/93 [white ugly thing (15)]
  6467 | D:9      | Killed a white ugly thing
  6503 | D:10     | Entered Level 10 of the Dungeon
  6554 | D:10     | Noticed a centaur warrior
  6564 | D:10     | Killed a centaur warrior
  6565 | D:10     | Reached skill level 10 in Axes
  6565 | D:10     | Reached skill level 7 in Shields
  6565 | D:10     | Reached skill level 5 in Evocations
  6566 | D:10     | Reached skill level 6 in Armour
  6571 | D:10     | Reached skill level 5 in Fighting
  6627 | Lair:1   | Entered Level 1 of the Lair of Beasts
  6633 | Lair:1   | Reached skill level 8 in Long Blades
  6674 | Lair:1   | Found a frozen archway.
  6688 | Lair:1   | HP: 16/96 [ice devil (15)]
  6694 | Lair:1   | HP: 19/96 [ice devil (22)]
  6753 | Lair:1   | Reached skill level 7 in Dodging
  6840 | Lair:1   | Found a dark tunnel.
  6849 | Volcano  | Entered a volcano
  6895 | Volcano  | Found the +3 pair of gauntlets of War {Slay+5}
  6897 | Volcano  | Noticed a stone giant
  6904 | Volcano  | Received a gift from Okawaru
  6917 | Volcano  | Killed a stone giant
  6918 | Volcano  | Reached skill level 8 in Shields
  6954 | Volcano  | Reached skill level 8 in Invocations
  7178 | Lair:1   | Reached skill level 11 in Axes
  7254 | Lair:1   | Reached XP level 12. HP: 88/103 MP: 10/10
  7800 | Lair:2   | Reached skill level 7 in Armour
  7807 | Lair:2   | Identified the +2 pair of gloves "Vyzikh" {Dex+3} (Okawaru
                  | gifted it to you on level 2 of the Lair of Beasts)
  7807 | Lair:2   | Received a gift from Okawaru
  7815 | Lair:2   | Reached skill level 9 in Shields
  8078 | Lair:2   | Noticed a six-headed hydra
  8085 | Lair:2   | Killed a two-headed hydra
  8086 | Lair:2   | Reached skill level 6 in Fighting
  8126 | Lair:2   | Reached skill level 8 in Dodging
  8158 | Lair:2   | Reached skill level 9 in Invocations
  8242 | Lair:2   | HP: 23/105 [rime drake/flash freeze (25)]
  8249 | Lair:2   | Reached skill level 9 in Long Blades
  8317 | Lair:2   | Found a staircase to the Swamp.
  8413 | Lair:3   | Noticed a six-headed hydra
  8429 | Lair:3   | Killed a four-headed hydra
  8430 | Lair:3   | Reached skill level 12 in Axes
  8493 | Lair:3   | Gained mutation: You sometimes lose the ability to read
                  | scrolls when taking damage. [potion of mutation]
  8493 | Lair:3   | Gained mutation: You are partially covered in large bone
                  | plates. (SH +4) [potion of mutation]
  8494 | Lair:3   | Lost mutation: You are partially covered in large bone
                  | plates. (SH +4) [potion of mutation]
  8494 | Lair:3   | Lost mutation: You sometimes lose the ability to read
                  | scrolls when taking damage. [potion of mutation]
  8494 | Lair:3   | Gained mutation: You are clumsy. (Dex -2) [potion of
                  | mutation]
  8494 | Lair:3   | Gained mutation: Your spells are a little harder to cast,
                  | but a little more powerful. [potion of mutation]
  8494 | Lair:3   | Lost mutation: You are clumsy. (Dex -2) [potion of
                  | mutation]
  8517 | Lair:3   | Noticed Sonja
  8524 | Lair:3   | Killed Sonja
  8592 | Lair:3   | Reached skill level 10 in Shields
  8613 | Lair:3   | Noticed a six-headed hydra
  8621 | Lair:3   | Killed a nine-headed hydra
  8677 | Lair:3   | Noticed a catoblepas
  8684 | Lair:3   | Noticed a death yak
  8684 | Lair:3   | Noticed a death yak
  8687 | Lair:3   | Noticed a death yak
  8688 | Lair:3   | Killed a catoblepas
  8688 | Lair:3   | Received a gift from Okawaru
  8691 | Lair:3   | Noticed a death yak
  8691 | Lair:3   | Noticed a death yak
  8693 | Lair:3   | Killed a death yak
  8694 | Lair:3   | Noticed a death yak
  8703 | Lair:3   | Killed a death yak
  8704 | Lair:3   | Reached XP level 13. HP: 56/114 MP: 3/10
  8710 | Lair:3   | Reached skill level 8 in Armour
  8791 | Lair:3   | Found a runed translucent gate.
  8791 | Lair:3   | Found a runed translucent gate.
  8791 | Lair:3   | Found a runed translucent gate.
  8791 | Lair:3   | Noticed a minotaur
  8792 | Lair:3   | Noticed ultrashaft's ghost (journeyman DsAM)
  8802 | Lair:3   | Reached ****** piety under Okawaru
  9058 | Lair:3   | Found a staircase to the Snake Pit.
  9323 | Lair:4   | Reached skill level 6 in Evocations
  9369 | Lair:4   | Reached skill level 7 in Fighting
  9381 | Lair:4   | Received a gift from Okawaru
  9385 | Lair:4   | Reached skill level 10 in Invocations
  9434 | Lair:4   | Reached skill level 13 in Axes
  9445 | Lair:4   | Reached skill level 9 in Dodging
  9502 | Lair:4   | Reached skill level 11 in Shields
 10017 | Lair:5   | Received a gift from Okawaru
 10066 | Lair:5   | Found a runed translucent door.
 10066 | Lair:5   | Found a viscous altar of Jiyva.
 10076 | Lair:5   | Found a staircase to the Slime Pits.
 10139 | Lair:5   | Reached skill level 7 in Evocations
 10530 | Lair:5   | Reached skill level 9 in Armour
 10530 | Lair:5   | Received a gift from Okawaru
 10531 | Lair:5   | Gained mutation: You resist negative energy. (rN+) [Deep
                  | Dwarf growth]
 10531 | Lair:5   | Reached XP level 14. HP: 84/123 MP: 1/9
 10560 | Lair:5   | Fell from the grace of Okawaru
 10560 | Lair:5   | Became a worshipper of Jiyva Jogeif the Shapeless
 11099 | D:10     | Reached * piety under Jiyva
 11326 | D:10     | Found Leboc's Book Emporium.
 11606 | D:10     | Reached skill level 11 in Invocations
 11657 | D:11     | Reached ** piety under Jiyva
 11763 | D:11     | Reached skill level 14 in Axes
 11763 | D:11     | Reached skill level 12 in Shields
 11865 | D:11     | Reached skill level 8 in Evocations
 12018 | D:11     | Reached skill level 10 in Dodging
 12212 | D:12     | Reached skill level 8 in Fighting
 12353 | D:12     | Reached *** piety under Jiyva
 12369 | D:12     | Gained mutation: You are partially covered in iridescent
                  | scales. (AC +2) [Jiyva's grace]
 12369 | D:12     | Gained mutation: You are mostly covered in iridescent
                  | scales. (AC +4) [Jiyva's grace]
 12369 | D:12     | Gained mutation: You are completely covered in iridescent
                  | scales. (AC +6) [Jiyva's grace]
 12369 | D:12     | Gained mutation: You have large cloven feet. [Jiyva's
                  | grace]
 12603 | D:12     | Noticed a deep elf master archer
 12603 | D:12     | Noticed an orc warlord
 12612 | D:12     | Killed a deep elf master archer
 12631 | D:12     | Killed an orc warlord
 12814 | Lair:3   | Noticed a stone giant
 12814 | Lair:3   | Noticed a frost giant
 12814 | Lair:3   | Noticed a deep elf master archer
 12823 | Lair:3   | Killed a frost giant
 12823 | Lair:3   | Killed a stone giant
 12824 | Lair:3   | Killed a deep elf master archer
 13420 | D:13     | Noticed a stone giant
 13434 | D:13     | Killed a stone giant
 13613 | D:13     | Noticed Josephine
 13621 | D:13     | Killed Josephine
 13684 | D:13     | Found a gate to the Vaults.
 13830 | D:13     | Reached **** piety under Jiyva
 13888 | D:14     | Reached skill level 13 in Shields
 13891 | D:14     | Reached skill level 9 in Evocations
 13922 | D:14     | Reached skill level 10 in Armour
 14046 | D:14     | Reached skill level 15 in Axes
 14098 | D:14     | Reached XP level 15. HP: 91/134 MP: 10/10
 14105 | D:14     | Reached skill level 12 in Invocations
 14395 | D:14     | Noticed a fire giant
 14395 | D:14     | Noticed a deep elf blademaster
 14404 | D:14     | Killed a fire giant
 14413 | D:14     | Killed a deep elf blademaster
 14579 | D:15     | Entered Level 15 of the Dungeon
 14723 | D:15     | Noticed a titan
 14723 | D:15     | Noticed an orc warlord
 14732 | D:15     | HP: 14/134 [titan/bolt of lightning[the fury of Okawaru]
                  | (22)]
 14753 | D:15     | HP: 24/134 [centaur warrior/arrow[the fury of Okawaru]
                  | (12)]
 14906 | D:15     | Lost mutation: You have large cloven feet. [Jiyva's grace]
 14906 | D:15     | Lost mutation: You are completely covered in iridescent
                  | scales. (AC +6) [Jiyva's grace]
 14906 | D:15     | Lost mutation: Your spells are a little harder to cast, but
                  | a little more powerful. [Jiyva's grace]
 14906 | D:15     | Gained mutation: Your mind is acute. (Int +2) [Jiyva's
                  | grace]
 14906 | D:15     | Gained mutation: Your mind is very acute. (Int +4) [Jiyva's
                  | grace]
 14906 | D:15     | Gained mutation: Your translucent skin slightly reduces
                  | your foes' accuracy. (Stealth+) [Jiyva's grace]
 14906 | D:15     | Gained mutation: Your translucent skin reduces your foes'
                  | accuracy. (Stealth+) [Jiyva's grace]
 14932 | D:15     | Noticed Agnes
 14940 | D:15     | Slimified Agnes
 14940 | D:15     | Noticed Agnes
 14940 | D:15     | Agnes changed into Agnes the slime creature
 15004 | D:15     | Killed Agnes the slime creature
 15036 | D:15     | Noticed a frost giant
 15043 | D:15     | Killed a frost giant
 15199 | D:15     | Noticed a frost giant
 15217 | D:15     | Found a staircase to the Depths.
 15242 | D:15     | Slimified a titan
 15242 | D:15     | Noticed an azure jelly
 15242 | D:15     | a titan changed into an azure jelly
 15432 | Lair:1   | Noticed a frost giant
 15432 | Lair:1   | Noticed a fire giant
 15460 | Lair:1   | Killed a fire giant
 15705 | Lair:3   | Killed ultrashaft's ghost
 15772 | Lair:6   | Entered Level 6 of the Lair of Beasts
 15865 | Lair:5   | Reached skill level 11 in Dodging
 16146 | Lair:6   | Reached skill level 9 in Fighting
 16159 | Lair:6   | Reached skill level 10 in Evocations
 16212 | Lair:6   | Reached skill level 14 in Shields
 16322 | Lair:6   | Noticed a frost giant
 16322 | Lair:6   | Noticed a fire giant
 16322 | Lair:6   | Noticed a fire giant
 16468 | Lair:6   | Reached skill level 13 in Invocations
 16468 | Lair:6   | Reached skill level 11 in Evocations
 16468 | Lair:6   | Reached XP level 16. HP: 144/144 MP: 11/13
 16469 | Lair:6   | Reached skill level 16 in Axes
 16469 | Lair:6   | Reached XP level 17. HP: 151/151 MP: 11/14
 16585 | Lair:6   | Reached skill level 11 in Armour
 17157 | Lair:6   | Gained mutation: You have a pair of small antennae on your
                  | head. [Jiyva's grace]
 17157 | Lair:6   | Gained mutation: You have a pair of antennae on your head.
                  | [Jiyva's grace]
 17157 | Lair:6   | Gained mutation: You have a pair of large antennae on your
                  | head. (SInv) [Jiyva's grace]
 17157 | Lair:6   | Gained mutation: You expend magic power (3 MP) to
                  | strengthen your wands. [Jiyva's grace]
 17266 | Lair:6   | Acquired the amulet "Rosyikis" {Spirit rC+ Dex+4 Slay-2}
 17268 | Lair:6   | Acquired a manual of Armour
 17744 | D:15     | Reached skill level 14 in Invocations
 17877 | D:15     | Noticed a titan
 17883 | D:15     | Slimified a titan
 17883 | D:15     | Noticed an acid blob
 17883 | D:15     | a titan changed into an acid blob
 18290 | D:9      | Was forgiven by Okawaru
 18291 | D:9      | Noticed a titan
 18328 | D:9      | Killed a titan
 18351 | Orc:1    | Entered Level 1 of the Orcish Mines
 18426 | Orc:1    | Reached ***** piety under Jiyva
 18500 | Orc:2    | Entered Level 2 of the Orcish Mines
 18528 | Orc:2    | Found a staircase to the Elven Halls.
 18551 | Orc:2    | Reached skill level 12 in Evocations
 18602 | Orc:2    | Found Cal Soaj's Book Shoppe.
 18615 | Orc:2    | Gained mutation: You passively map a large area around you.
                  | [Deep Dwarf growth]
 18615 | Orc:2    | Reached XP level 18. HP: 149/159 MP: 14/14
 18640 | Orc:2    | Reached skill level 15 in Shields
 18720 | Orc:2    | Found Nuski's Jewellery Shoppe.
 18720 | Orc:2    | Found Cutekhlu's General Store.
 18720 | Orc:2    | Found Xutab Huovoo's Antique Weapon Emporium.
 18724 | Orc:2    | Found Udwougol's Weapon Emporium.
 18727 | Orc:2    | Bought the amulet of the Four Winds {rN+ Will+++ Clar} for
                  | 746 gold pieces
 18727 | Orc:2    | Found the amulet of the Four Winds {rN+ Will+++ Clar}
 18737 | Orc:2    | Bought the +0 kite shield of Wuifext {Will++ Str+2} for 265
                  | gold pieces
 18794 | Orc:2    | Found Cojinyf's Weapon Emporium.
 19070 | Orc:2    | Lost mutation: You have a pair of large antennae on your
                  | head. (SInv) [Jiyva's grace]
 19070 | Orc:2    | Lost mutation: Your mind is very acute. (Int +4) [Jiyva's
                  | grace]
 19070 | Orc:2    | Gained mutation: You are robust. (+10% HP) [Jiyva's grace]
 19070 | Orc:2    | Gained mutation: You are very robust. (+20% HP) [Jiyva's
                  | grace]
 19070 | Orc:2    | Gained mutation: You are extremely robust. (+30% HP)
                  | [Jiyva's grace]
 19070 | Orc:2    | Gained mutation: Your melee attacks may engulf your foes in
                  | ooze. [Jiyva's grace]
 19245 | Orc:2    | Bought the amulet "Jaffamp" {Reflect rElec Str+4 Slay+3
                  | SH+5} for 1105 gold pieces
 19708 | Snake:1  | Entered Level 1 of the Snake Pit
 19799 | Snake:1  | Reached skill level 12 in Dodging
 20015 | Snake:1  | Reached skill level 12 in Armour
 20029 | Snake:1  | Reached skill level 17 in Axes
 20414 | Snake:1  | Noticed Aizul
 20435 | Snake:1  | Killed Aizul
 21028 | Snake:2  | Reached skill level 10 in Fighting
 21142 | Snake:2  | Reached ****** piety under Jiyva
 21352 | Slime:1  | Entered Level 1 of the Pits of Slime
 21491 | Slime:5  | Entered Level 5 of the Pits of Slime
 21528 | Slime:5  | Found a viscous altar of Jiyva.
 21529 | Slime:5  | Noticed the Royal Jelly
 21535 | Slime:5  | Identified the ring of the Genius {Will+ Dex+6 Stlth+}
 21549 | Slime:5  | Got a slimy rune of Zot
 21550 | Slime:5  | Identified the ring "Plog" {rF+ rCorr AC+4 Slay+3}
 21909 | Snake:3  | Reached skill level 13 in Evocations
 21910 | Snake:3  | Reached skill level 16 in Shields
 21943 | Snake:3  | Reached skill level 15 in Invocations
 22355 | Snake:4  | Entered Level 4 of the Snake Pit
 22357 | Snake:4  | Found a runed translucent gate.
 22358 | Snake:4  | Found a runed translucent gate.
 22364 | Snake:4  | Found a runed translucent gate.
 22374 | Snake:4  | Reached skill level 13 in Armour
 22381 | Snake:4  | Noticed Mesuenwa's ghost (adept DEWz)
 22513 | Snake:4  | Lost mutation: You have a pair of antennae on your head.
                  | [Jiyva's grace]
 22513 | Snake:4  | Lost mutation: You are extremely robust. (+30% HP) [Jiyva's
                  | grace]
 22513 | Snake:4  | Lost mutation: You expend magic power (3 MP) to strengthen
                  | your wands. [Jiyva's grace]
 22513 | Snake:4  | Gained mutation: You have acidic saliva. [Jiyva's grace]
 22513 | Snake:4  | Gained mutation: You are completely covered in iridescent
                  | scales. (AC +6) [Jiyva's grace]
 22513 | Snake:4  | Gained mutation: You have a pair of antennae on your head.
                  | [Jiyva's grace]
 22513 | Snake:4  | Gained mutation: You have a pair of large antennae on your
                  | head. (SInv) [Jiyva's grace]
 22826 | Snake:4  | Reached skill level 18 in Axes
 22864 | Snake:4  | Reached XP level 19. HP: 143/204 MP: 16/16
 23015 | Snake:4  | Reached skill level 13 in Dodging
 23026 | Snake:4  | Got a serpentine rune of Zot
 23601 | Vaults:1 | Entered Level 1 of the Vaults
 23774 | Vaults:1 | Reached skill level 14 in Armour
 23838 | Vaults:1 | Reached skill level 14 in Evocations
 24024 | Vaults:1 | Reached skill level 11 in Fighting
 24125 | Vaults:1 | Reached skill level 16 in Invocations
 24970 | Vaults:2 | Reached skill level 17 in Shields
 25032 | Vaults:2 | Reached skill level 15 in Armour
 25293 | Vaults:2 | Reached XP level 20. HP: 204/217 MP: 18/18
 25362 | Vaults:2 | Reached skill level 19 in Axes
 25481 | Vaults:2 | Lost mutation: You have a pair of large antennae on your
                  | head. (SInv) [Jiyva's grace]
 25481 | Vaults:2 | Lost mutation: You are completely covered in iridescent
                  | scales. (AC +6) [Jiyva's grace]
 25481 | Vaults:2 | Lost mutation: You are mostly covered in iridescent scales.
                  | (AC +4) [Jiyva's grace]
 25481 | Vaults:2 | Lost mutation: Your translucent skin reduces your foes'
                  | accuracy. (Stealth+) [Jiyva's grace]
 25481 | Vaults:2 | Lost mutation: Your translucent skin slightly reduces your
                  | foes' accuracy. (Stealth+) [Jiyva's grace]
 25481 | Vaults:2 | Lost mutation: Your melee attacks may engulf your foes in
                  | ooze. [Jiyva's grace]
 25481 | Vaults:2 | Gained mutation: You are strong-willed. (Will+) [Jiyva's
                  | grace]
 25481 | Vaults:2 | Gained mutation: You are highly strong-willed. (Will++)
                  | [Jiyva's grace]
 25481 | Vaults:2 | Gained mutation: You are extremely strong-willed. (Will+++)
                  | [Jiyva's grace]
 25481 | Vaults:2 | Gained mutation: You expend magic power (3 MP) to
                  | strengthen your wands. [Jiyva's grace]
 25553 | Vaults:2 | Found a staircase to the Crypt.
 25684 | Vaults:2 | Reached skill level 15 in Evocations
 26019 | Vaults:3 | Found a portal to a secret trove of treasure.
 26098 | Vaults:3 | Reached skill level 14 in Dodging
 26344 | Vaults:3 | Reached skill level 16 in Armour
 26344 | Vaults:3 | Reached skill level 17 in Invocations
 27076 | Vaults:3 | Lost mutation: You are very robust. (+20% HP) [Jiyva's
                  | grace]
 27076 | Vaults:3 | Lost mutation: You expend magic power (3 MP) to strengthen
                  | your wands. [Jiyva's grace]
 27076 | Vaults:3 | Gained mutation: You are covered in slimy tendrils that may
                  | disarm your opponents. [Jiyva's grace]
 27076 | Vaults:3 | Gained mutation: You are agile. (Dex +2) [Jiyva's grace]
 27076 | Vaults:3 | Gained mutation: You are very agile. (Dex +4) [Jiyva's
                  | grace]
 27076 | Vaults:3 | Gained mutation: You have a small jelly attached to you
                  | that may absorb projectiles. [Jiyva's grace]
 27134 | Vaults:3 | Identified the +5 plate armour of Honour {rF++ Dex-3
                  | Slay+3}
 27147 | Vaults:3 | Lost mutation: Your mind is acute. (Int +2) [potion of
                  | mutation]
 27147 | Vaults:3 | Lost mutation: You have a pair of antennae on your head.
                  | [potion of mutation]
 27147 | Vaults:3 | Lost mutation: You have acidic saliva. [potion of mutation]
 27147 | Vaults:3 | Lost mutation: You are covered in slimy tendrils that may
                  | disarm your opponents. [potion of mutation]
 27147 | Vaults:3 | Lost mutation: You are partially covered in iridescent
                  | scales. (AC +2) [potion of mutation]
 27147 | Vaults:3 | Gained mutation: You are covered in fur. (AC +1) [potion of
                  | mutation]
 27147 | Vaults:3 | Gained mutation: You are partially covered in iridescent
                  | scales. (AC +2) [potion of mutation]
 27191 | Vaults:3 | Reached skill level 12 in Fighting
 27527 | Vaults:4 | Noticed Margery
 27547 | Vaults:4 | Killed Margery
 27571 | Vaults:4 | Got the Compendium of Vitriolic Dark Magic
 27831 | Vaults:4 | Reached skill level 16 in Evocations
 27972 | Vaults:4 | Reached XP level 21. HP: 209/209 MP: 19/19
 27978 | Vaults:4 | Reached skill level 17 in Armour
 28903 | Orc:2    | Bought a condenser vane for 440 gold pieces
 29016 | D:7      | Bought a potion of mutation for 104 gold pieces
 29016 | D:7      | Bought 2 potions of heal wounds for 130 gold pieces
 29016 | D:7      | Lost mutation: You are covered in fur. (AC +1) [potion of
                  | mutation]
 29016 | D:7      | Lost mutation: You have a pair of small antennae on your
                  | head. [potion of mutation]
 29016 | D:7      | Gained mutation: Your body sometimes deteriorates upon
                  | taking damage. [potion of mutation]
 29123 | Swamp:1  | Entered Level 1 of the Swamp
 29322 | Swamp:1  | Reached skill level 18 in Shields
 29374 | Swamp:1  | Lost mutation: You are very agile. (Dex +4) [Jiyva's grace]
 29374 | Swamp:1  | Lost mutation: Your body sometimes deteriorates upon taking
                  | damage. [Jiyva's grace]
 29374 | Swamp:1  | Lost mutation: You are extremely strong-willed. (Will+++)
                  | [Jiyva's grace]
 29374 | Swamp:1  | Gained mutation: You expend magic power (3 MP) to
                  | strengthen your wands. [Jiyva's grace]
 29374 | Swamp:1  | Gained mutation: You are somewhat resistant to further
                  | mutation. [Jiyva's grace]
 29374 | Swamp:1  | Gained mutation: You are somewhat resistant to both further
                  | mutation and mutation removal. [Jiyva's grace]
 29374 | Swamp:1  | Gained mutation: You are almost entirely resistant to
                  | further mutation and mutation removal. [Jiyva's grace]
 29650 | Swamp:2  | Reached skill level 15 in Dodging
 29669 | Swamp:2  | Acquired a manual of Evocations
 30212 | Swamp:3  | Reached skill level 18 in Invocations
 30707 | Swamp:4  | Entered Level 4 of the Swamp
 30730 | Swamp:4  | Reached skill level 17 in Evocations
 30839 | Swamp:4  | Reached skill level 20 in Axes
 30932 | Swamp:4  | Found a basalt altar of Yredelemnul.
 30949 | Swamp:4  | Got a decaying rune of Zot
 31008 | Swamp:4  | Found a blossoming altar of Fedhas.
 31485 | Depths:1 | Entered Level 1 of the Depths
 31518 | Depths:1 | Gained mutation: You have a somewhat thin skeletal
                  | structure. (Dex +2, Stealth+) [Jiyva's grace]
 31518 | Depths:1 | Gained mutation: You have a moderately thin skeletal
                  | structure. (Dex +4, Stealth++) [Jiyva's grace]
 31518 | Depths:1 | Gained mutation: You have an unnaturally thin skeletal
                  | structure. (Dex +6, Stealth+++) [Jiyva's grace]
 31518 | Depths:1 | Gained mutation: Your rubbery body absorbs attacks. (AC +1,
                  | EV +1) [Jiyva's grace]
 31535 | Depths:1 | Reached skill level 13 in Fighting
 31535 | Depths:1 | Found a gateway to Hell.
 31585 | Depths:1 | Reached skill level 18 in Evocations
 31658 | Depths:1 | Reached skill level 18 in Armour
 31668 | Depths:1 | Reached XP level 22. HP: 215/222 MP: 21/21
 31677 | Depths:1 | Found Syzxoz's Distillery.
 31696 | Depths:1 | Bought a potion of haste for 170 gold pieces
 31696 | Depths:1 | Bought a potion of curing for 51 gold pieces
 31696 | Depths:1 | Bought a potion of resistance for 170 gold pieces
 31714 | Depths:1 | Found a one-way gateway to a ziggurat.
 31765 | Depths:1 | Found a one-way gate to the infinite horrors of the Abyss.
 31804 | Depths:1 | Found a one-way gate leading to the halls of Pandemonium.
 32193 | Depths:2 | Noticed Saint Roka
 32216 | Depths:2 | Killed Saint Roka
 32221 | Depths:2 | Identified the ring of Ceystrur {rPois Int+7}
 32267 | Depths:2 | Noticed a golden dragon
 32278 | Depths:2 | Killed a golden dragon
 32305 | Depths:2 | Found a transporter.
 32342 | Depths:2 | Identified the ring of the Burgomaster {rF+ Will+}
 32410 | Depths:2 | Reached skill level 16 in Dodging
 32452 | Depths:2 | Reached skill level 19 in Invocations
 32452 | Depths:2 | Reached skill level 19 in Evocations
 32511 | Depths:2 | Found a transporter.
 32549 | Depths:2 | Found a basalt altar of Yredelemnul.
 32613 | Depths:2 | Reached skill level 19 in Shields
 32618 | Depths:2 | Identified the +6 halberd of Xeobb {vorpal, Int+3}
 32884 | Depths:2 | Identified the ring of Woukuek {Ice rPois Int-2 Dex-5
                  | Stlth+}
 33011 | Depths:3 | Noticed a golden dragon
 33014 | Depths:3 | HP: 47/225 [frost giant/bolt of cold (37)]
 33173 | Depths:3 | Killed a golden dragon
 33283 | Depths:3 | Noticed a caustic shrike
 33288 | Depths:3 | Killed a caustic shrike
 33322 | Depths:3 | Reached skill level 20 in Evocations
 33407 | Depths:3 | Noticed a golden dragon
 33419 | Depths:3 | Killed a golden dragon
 33536 | Depths:3 | Reached XP level 23. HP: 230/231 MP: 22/22
 33599 | Depths:3 | Noticed an ancient lich
 33613 | Depths:3 | Killed an ancient lich
 33614 | Depths:3 | Reached skill level 14 in Fighting
 33668 | Depths:3 | Reached skill level 21 in Axes
 33703 | Depths:3 | Got Qiud's Incunabulum of Unholy Rituals
 34042 | Depths:4 | Entered Level 4 of the Depths
 34074 | Depths:4 | Lost mutation: You have an unnaturally thin skeletal
                  | structure. (Dex +6, Stealth+++) [Jiyva's grace]
 34074 | Depths:4 | Gained mutation: Armour fits poorly on your pseudopods.
                  | [Jiyva's grace]
 34074 | Depths:4 | Gained mutation: Armour fits poorly on your large
                  | pseudopods. [Jiyva's grace]
 34074 | Depths:4 | Gained mutation: Armour fits poorly on your massive
                  | pseudopods. [Jiyva's grace]
 34074 | Depths:4 | Gained mutation: Your muscles are strong. (Str +2) [Jiyva's
                  | grace]
 34137 | Depths:4 | Noticed a caustic shrike
 34141 | Depths:4 | Noticed a caustic shrike
 34143 | Depths:4 | Noticed a caustic shrike
 34144 | Depths:4 | Killed a caustic shrike
 34148 | Depths:4 | Killed a caustic shrike
 34151 | Depths:4 | Killed a caustic shrike
 34152 | Depths:4 | Reached skill level 19 in Armour
 34161 | Depths:4 | Noticed a caustic shrike
 34163 | Depths:4 | Reached skill level 20 in Invocations
 34168 | Depths:4 | Killed a caustic shrike
 34232 | Depths:4 | Reached skill level 21 in Evocations
 34240 | Depths:4 | Reached skill level 17 in Dodging
 34291 | Depths:4 | Noticed a caustic shrike
 34292 | Depths:4 | Noticed a caustic shrike
 34292 | Depths:4 | Noticed a caustic shrike
 34296 | Depths:4 | Killed a caustic shrike
 34302 | Depths:4 | Killed a caustic shrike
 34303 | Depths:4 | Killed a caustic shrike
 34345 | Depths:4 | Identified the amulet of Sileplar {Faith Will+ Dex+2}
 34784 | Depths:4 | Noticed a caustic shrike
 34791 | Depths:4 | Killed a caustic shrike
 34935 | Depths:4 | Found a gate to the Realm of Zot.
 35517 | Vaults:3 | You paid a toll of +3 storm dragon scales to enter a
                  | treasure trove
 35518 | Trove    | Entered a treasure trove
 35530 | Trove    | Identified the amulet of Ihisaxon {RegenMP *Corrode rPois
                  | Will+++ Dex+3}
 35539 | Trove    | Identified the ring of Cohuga Qiyp {Fly rN+}
 35541 | Trove    | Identified the ring of Idealism {rPois rF+ rN+}
 35543 | Trove    | Identified the ring "Sasaoru" {Ice rCorr}
 35544 | Trove    | Identified the amulet "Aghige Wuno" {Acrobat -Tele rElec
                  | rN++ Stlth+}
 35545 | Trove    | Identified the amulet "Zoemn" {Reflect +Blink rC+ SH+5}
 35547 | Trove    | Identified the ring of Pojet {Fly Str+4 Int+5}
 35548 | Trove    | Identified the amulet of Lady Luck {Spirit Str+10}
 35549 | Trove    | Identified the ring of Cakhlushru {*Corrode rF+++ Str+5
                  | Dex+6 Stlth+}
 35826 | Elf:1    | Entered Level 1 of the Elven Halls
 35969 | Elf:1    | Reached skill level 20 in Shields
 35976 | Elf:1    | Reached skill level 22 in Evocations
 36006 | Elf:1    | Found Ikkoak's General Store.
 36046 | Elf:1    | Reached XP level 24. HP: 246/246 MP: 23/23
 36063 | Elf:1    | Identified the +5 chain mail of Oseischira {Rampage Regen+}
 36364 | Elf:1    | Lost mutation: You have a moderately thin skeletal
                  | structure. (Dex +4, Stealth++) [Jiyva's grace]
 36364 | Elf:1    | Lost mutation: You are almost entirely resistant to further
                  | mutation and mutation removal. [Jiyva's grace]
 36364 | Elf:1    | Lost mutation: You expend magic power (3 MP) to strengthen
                  | your wands. [Jiyva's grace]
 36364 | Elf:1    | Gained mutation: Your body has grown eyes which may confuse
                  | attackers. (Acc +3) [Jiyva's grace]
 36364 | Elf:1    | Gained mutation: Your body has grown many eyes which may
                  | confuse attackers. (Acc +5) [Jiyva's grace]
 36364 | Elf:1    | Gained mutation: Your body is covered in eyes which may
                  | confuse attackers. (Acc +7, SInv) [Jiyva's grace]
 36364 | Elf:1    | Gained mutation: You have sharp toenails. [Jiyva's grace]
 36379 | Elf:1    | Paralysed by an air elemental for 1 turns
 36681 | Elf:2    | Found Habiemn's Antique Weapon Shoppe.
 36909 | Elf:2    | Found a runed translucent door.
 36935 | Elf:2    | Found a runed translucent door.
 37081 | Elf:3    | Entered Level 3 of the Elven Halls
 37241 | Elf:3    | Reached skill level 15 in Fighting
 37244 | Elf:3    | Reached skill level 21 in Invocations
 37247 | Elf:3    | Identified the +5 long sword "Cexafare" {antimagic, rElec}
 37317 | Elf:3    | Identified the +6 halberd "Petoropsa" {freeze, rF- rN+
                  | Will+ Dex+2}
 37392 | Elf:3    | Identified the +9 shortbow of Valiance {venom, *Corrode rN+
                  | Int+5}
 37394 | Elf:3    | Identified the +7 rapier of Mana {freeze, Int+2}
 37412 | Elf:3    | Identified the +6 great sword of Chaos {protect, rC+}
 37419 | Elf:3    | Got the Catalogue of Ashen Venom
 37425 | Elf:3    | Identified the +5 chain mail of Lugonu's Pride {Fly}
 37789 | Elf:3    | Lost mutation: Your muscles are strong. (Str +2) [Jiyva's
                  | grace]
 37789 | Elf:3    | Lost mutation: Your body is covered in eyes which may
                  | confuse attackers. (Acc +7, SInv) [Jiyva's grace]
 37789 | Elf:3    | Lost mutation: Armour fits poorly on your massive
                  | pseudopods. [Jiyva's grace]
 37789 | Elf:3    | Lost mutation: You have a small jelly attached to you that
                  | may absorb projectiles. [Jiyva's grace]
 37789 | Elf:3    | Gained mutation: You have a pair of small horns on your
                  | head. [Jiyva's grace]
 37789 | Elf:3    | Gained mutation: You have a pair of horns on your head.
                  | [Jiyva's grace]
 37789 | Elf:3    | Gained mutation: You have a pair of large horns on your
                  | head. [Jiyva's grace]
 37789 | Elf:3    | Gained mutation: Your pliable body absorbs attacks. (AC +2,
                  | EV +2) [Jiyva's grace]
 38317 | Vaults:5 | Entered Level 5 of the Vaults
 38322 | Vaults:5 | Reached skill level 18 in Dodging
 38322 | Vaults:5 | Reached skill level 23 in Evocations
 38326 | Vaults:5 | Reached skill level 20 in Armour
 38331 | Vaults:5 | Reached skill level 22 in Axes
 38349 | Vaults:5 | Noticed an ancient lich
 38357 | Vaults:5 | Killed an ancient lich
 38384 | Vaults:5 | Identified the ring of Riedghuwk {MP+9 Stlth+}
 38388 | Vaults:5 | Noticed a dread lich
 38411 | Vaults:4 | Killed a dread lich
 38412 | Vaults:4 | Reached XP level 25. HP: 178/257 MP: 22/22
 38516 | Vaults:5 | Identified the +5 scimitar of Dithmenos's Regard {vamp,
                  | rPois Int+7 Dex+4}
 38646 | Vaults:5 | Noticed an ancient lich
 38656 | Vaults:5 | Killed an ancient lich
 38676 | Vaults:5 | Identified the ring "Joybbis" {Wiz SInv}
 38689 | Vaults:5 | Reached skill level 21 in Shields
 38761 | Vaults:5 | Found Donacuofoe's Jewellery Shop.
 38762 | Vaults:5 | Found Weahoxia's Antique Armour Emporium.
 38826 | Vaults:5 | Identified the +8 flail of Rimaad {flame, +Blink rF+ rC+
                  | Dex+2}
 38842 | Vaults:5 | Identified the +5 ring mail of the Heron {rElec}
 38926 | Vaults:5 | Found Cuafuich's Magic Scroll Shoppe.
 38951 | Vaults:5 | Bought a scroll of teleportation for 33 gold pieces
 38951 | Vaults:5 | Bought a scroll of teleportation for 33 gold pieces
 38951 | Vaults:5 | Bought a scroll of fog for 22 gold pieces
 38968 | Vaults:5 | Got a silver rune of Zot
 38977 | Vaults:5 | Found Goarebo's General Store.
 38981 | Vaults:5 | Bought a scroll of teleportation for 36 gold pieces
 39023 | Vaults:5 | Noticed Mennas
 39035 | Vaults:5 | Killed Mennas
 39036 | Vaults:5 | Reached skill level 22 in Invocations
 39050 | Vaults:5 | Bought a scroll of enchant weapon for 82 gold pieces
 39050 | Vaults:5 | Bought a scroll of summoning for 104 gold pieces
 39050 | Vaults:5 | Bought a scroll of summoning for 104 gold pieces
 39056 | Vaults:5 | Bought a scroll of magic mapping for 42 gold pieces
 39729 | Zig:1    | Entered Level 1 of a ziggurat
 39729 | Zig:1    | Noticed Moetaxae the pandemonium lord
 39737 | Zig:1    | Killed Moetaxae the pandemonium lord
 39836 | Zig:2    | Entered Level 2 of a ziggurat
 39854 | Zig:3    | Entered Level 3 of a ziggurat
 39867 | Zig:3    | Identified the +1 leather armour "Radghu" {Harm *Corrode
                  | rC+ Int+2}
 39955 | Zig:4    | Entered Level 4 of a ziggurat
 39974 | Zig:4    | Identified the ring of Kalerun {rCorr Int+3}
 39975 | Zig:4    | Identified the +8 battleaxe of Judgement {distort, Dex+5}
 39979 | Zig:5    | Entered Level 5 of a ziggurat
 40012 | Zig:6    | Entered Level 6 of a ziggurat
 40028 | Zig:6    | Reached skill level 16 in Fighting
 40063 | Zig:7    | Entered Level 7 of a ziggurat
 40068 | Zig:7    | Noticed a Killer Klown
 40076 | Zig:7    | Killed a Killer Klown
 40107 | Zig:7    | Identified the +1 great sword of Sishreas {flame, rC+ MP+9
                  | Str+3}
 40111 | Zig:8    | Entered Level 8 of a ziggurat
 40116 | Zig:8    | Noticed Dani's ghost (veteran DjSu)
 40116 | Zig:8    | Noticed Ubbricas's ghost (veteran MiHu)
 40118 | Zig:8    | Found the +8 Wrath of Trog {antimagic, *Rage Rampage}
 40125 | Zig:8    | HP: 62/251 [freezing wraith[a curse skull] (1)]
 40131 | Zig:8    | HP: 61/252 [ghost crab] (5)]
 40134 | Zig:8    | HP: 24/252 [??? (12)]
 40379 | Zot:1    | Entered Level 1 of the Realm of Zot
 40407 | Zot:1    | Reached skill level 19 in Dodging
 40943 | Zot:2    | Reached skill level 21 in Armour
 41022 | Zot:2    | Lost mutation: You have a pair of large horns on your head.
                  | [Jiyva's grace]
 41022 | Zot:2    | Lost mutation: You have a somewhat thin skeletal structure.
                  | (Dex +2, Stealth+) [Jiyva's grace]
 41022 | Zot:2    | Lost mutation: You are somewhat resistant to both further
                  | mutation and mutation removal. [Jiyva's grace]
 41022 | Zot:2    | Lost mutation: Your body has grown many eyes which may
                  | confuse attackers. (Acc +5) [Jiyva's grace]
 41022 | Zot:2    | Lost mutation: Armour fits poorly on your large pseudopods.
                  | [Jiyva's grace]
 41022 | Zot:2    | Gained mutation: Your spells are a little harder to cast,
                  | but a little more powerful. [Jiyva's grace]
 41022 | Zot:2    | Gained mutation: Your spells are harder to cast, but more
                  | powerful. [Jiyva's grace]
 41022 | Zot:2    | Gained mutation: Your spells are much harder to cast, but
                  | much more powerful. [Jiyva's grace]
 41022 | Zot:2    | Gained mutation: You have a small jelly attached to you
                  | that may absorb projectiles. [Jiyva's grace]
 41557 | Zot:3    | Reached skill level 23 in Invocations
 41618 | Zot:3    | Found a transporter.
 41620 | Zot:3    | Found a transporter.
 41641 | Zot:3    | Found the +4 dragonskin cloak
 41641 | Zot:3    | Noticed Tiamat
 41667 | Zot:3    | HP: 61/259 [Tiamat (34)]
 41672 | Zot:3    | HP: 61/259 [Tiamat (34)]
 41682 | Zot:3    | HP: 35/259 [Tiamat (69)]
 41685 | Zot:3    | Slain by Tiamat

Illustrated notes

Levels and vault maps discovered:
D:1:      lightli_arrival_quake, layout_loops_ring
D:2:      layout_basic, nicolae_wormholes
D:3:      layout_loops_ring, chequers_temple_overflow_statue_of_worship,
          nicolae_vehumet_radiance, nicolae_tso_besieged_by_evil,
          hangedman_decor_lopped, uniq_grinder
D:4:      layout_basic, pdpol_temple_overflow_zin_treasury_gozag_greed,
          minmay_temple_entry_overgrown, serial_shops, shop, minmay_quantized,
          uniq_blork_the_orc, uniq_pikel, uniq_duvessa
D:5:      layout_loops_ring, mainiacjoe_overflow_boulevard, serial_shops, shop,
          roderic_lattice_a, hangedman_abyss_or_decor_passed,
          uniq_crazy_yiuf_cottage, uniq_menkaure, uniq_sigmund
D:6:      layout_loops_ring, trog_three_pillars_becter,
          nicolae_qazlal_general_emergency, kennysheep_another_room,
          st_stairs_10, uniq_edmund, uniq_prince_ribbit1
D:7:      layout_rooms, serial_shops, nicolae_stop_n_shop_1,
          kennysheep_little_box, shop, shop, nicolae_shop_hallway_plus,
          serial_aquarium, aquarium_bridge_straight [aquarium_subvault_bridge,
          aquarium_subvault_window, aquarium_subvault_bridge,
          aquarium_subvault_wall], aquarium_window_1, aquarium_window_double,
          aquarium_window_fake, aquarium_window_3, aquarium_view_2d,
          aquarium_view_2d, minmay_mini_ossuary
D:8:      layout_basic, grunt_temple_overflow_growth_and_decay,
          nicolae_ashenzari_skybound, grunt_dithmenos_smoke_and_mirrors,
          marbit_many_paths, uniq_joseph
D:9:      layout_rooms, dpeg_lair_monsters, zombieorc2_lemuel, serial_shops,
          shop, uniq_maurice
D:10:     kennysheep_steamy, layout_long_grid, serial_shops, shop
D:11:     layout_basic, onia_ninara_cookie
D:12:     layout_loops_ring
D:13:     layout_roguey, david_vaults_4, uniq_josephine
D:14:     minmay_box_of_statues, layout_rooms, minmay_misc_feat_doors
D:15:     grunt_enter_depths_giant_problem, layout_long_grid,
          hangedman_abyss_or_decor_stagger, uniq_agnes
Lair:1:   layout_cave_pods, nicolae_volcano_entry_lava_flow,
          portal_ice_cave_demonic_guard
Lair:2:   layout_hall_layers, swamp_mist, grunt_forest_large_clearings,
          lemuel_fruit_fields
Lair:3:   layout_loops_ring, dummy_snake_entry, maelrawn_ghost_gauntlet_escape,
          lemuel_fruit_fields, grunt_megastairs_5, uniq_sonja
Lair:4:   layout_misc_corridors
Lair:5:   layout_cave_pods, slime_altar_2, st_stairs_6, serial_bayou_lagoon_b
Lair:6:   minmay_lair_end_enchanted_forest, layout_cave_pods
Swamp:1:  layout_basic_swamp, nicolae_swamp_big_swirl,
          infiniplex_staircase_pool_2
Swamp:2:  layout_falls_marsh, evilmike_swamp_ruin_rubble_2, swamp_pool2
Swamp:3:  layout_basic_swamp, evilmike_swamp_ruin_house_2, swamp_pool3,
          nicolae_swamp_bloodsuckers_inc
Swamp:4:  byrel_swamp_growth_death_and_undeath, layout_basic_swamp
Snake:1:  nrook_guardian_serpent_snake_passage, layout_layer_cave,
          grunt_megastairs_4, serial_bayou_shore_a, serial_bayou_shore_b,
          uniq_aizul
Snake:2:  layout_grid_shapes, grunt_ministairs_2
Snake:3:  layout_rooms, grunt_ministairs_8, nicolae_snake_boneroom
Snake:4:  snake_pit_salamanders_mu, layout_misc_corridors,
          ebering_ghost_rock_garden
Slime:1:  layout_caves
Slime:2:  layout_caves
Slime:3:  layout_caves
Slime:4:  layout_caves
Slime:5
Orc:1:    layout_caves
Orc:2:    st_orc_mages, layout_caves, serial_shops, nicolae_shop_hallway_stairs,
          nicolae_shop_trees
Elf:1:    kennysheep_room_grid, layout_onion_city, serial_shops,
          nicolae_shop_competitors_out_of_business, minivault_28,
          lemuel_upstairs_altar
Elf:2:    elven_hall_of_blades_hangedman_original
          [nicolae_blade_entry_splitting_headache], layout_geoelf_diagonals,
          serial_shops, nicolae_stop_n_shop_2
Elf:3:    elf_hall, layout_geoelf_castle, st_stairs_11
Vaults:1: hangedman_vaults_stream, v_misc_14, nicolae_vaults_little_squares_4,
          nicolae_vaults_fighting_squares, vaults_mumra_chevron,
          nicolae_vaults_windows_and_doors_thing, nicolae_vaults_ninety_degrees,
          v_misc_5, nicolae_vaults_network_quincunx
          [nicolae_vaults_network_quincunx_subvault,
          nicolae_vaults_network_quincunx_subvault,
          nicolae_vaults_network_quincunx_subvault,
          nicolae_vaults_network_quincunx_subvault,
          nicolae_vaults_network_quincunx_subvault], v_misc_19,
          ontoclasm_vaults_ring_square, nicolae_vaults_yaktaur_gun_rack,
          nicolae_vaults_rhombus_5, layout_vaults_maze
Vaults:2: minmay_crypt_entry_simple_round, v_pattern_3, hangedman_vaults_trim,
          grunt_vaults_trifunnel, nicolae_vaults_diagonal_hallway_8,
          vaults_dpeg_spiral, vaults_mumra_hex, v_alt_pattern_5,
          vaults_dpeg_encased_lava, nicolae_vaults_little_squares_6,
          ontoclasm_vaults_hangar, layout_vaults_big_room
Vaults:3: hangedman_vaults_stretched_pinwheel, v_misc_23,
          nicolae_vaults_little_squares_2, vaults_room_fours, v_misc_12,
          ontoclasm_vaults_gallery, nicolae_vaults_theta, v_misc_12,
          vaults_room_door_hall, layout_vaults_omnigrid,
          nicolae_trove_entry_path_of_doom
Vaults:4: nicolae_vaults_three_branches, st_star, nicolae_vaults_what_the_h,
          ontoclasm_vaults_bender, nicolae_vaults_network_square, v_misc_12,
          ontoclasm_vaults_pinch, ontoclasm_vaults_shuriken,
          ontoclasm_vaults_fault, nicolae_vaults_specimen_jars,
          layout_vaults_ring, uniq_margery
Vaults:5: serial_shops, uniq_mennas
Depths:1: layout_forbidden_donut, enter_ziggurat_c, pf_hell_entry_tar_river,
          hangedman_abyss_entry_splay, minmay_misc_feat_more_columns,
          serial_shops, shop_coins, rand_demon_pan_entry_8, minmay_librarian
Depths:2: hangedman_spin_cycle, pan_entry, hell_entry
Depths:3: minmay_central_circle, layout_basic, pan_entry, hell_entry,
          abyss_entry, special_room [special_room_morgue]
Depths:4: grunt_zot_entry_alcove, layout_basic, serial_sigils_hangedman_quiver,
          hell_entry, minmay_the_grid_square_5x5_3x3_mashed
          [minmay_the_grid_square_5x5_inner_z, minmay_the_grid_square_5x5_bite,
          minmay_the_grid_square_5x5_intrusive_squares,
          minmay_the_grid_square_5x5_moneybag,
          minmay_the_grid_square_5x5_megaprize_hollow,
          minmay_the_grid_square_5x5_two_small,
          minmay_the_grid_square_5x5_inner_v,
          minmay_the_grid_square_5x5_misaligned,
          minmay_the_grid_square_5x5_inner_i]
Zot:1:    evilmike_crystal_ball_defense, layout_concentric_octagons
Zot:2:    layout_concentric_octagons
Zot:3:    layout_basic, serial_nicolae_subway, nicolae_sub_station_metal,
          nicolae_sub_station_stone, nicolae_sub_station_crystal, uniq_tiamat

Skill      XL: |  1  2  3  4  5  6  7  8  9 10 11 12 13 14 15 16 17 18 19 20 21 22 23 24 25 |
---------------+----------------------------------------------------------------------------+-----
Axes           | 2 3 4 5 6 8 9 11 12 13 15 16 18 19 20 21 22 | 22.8
Long Blades    | 2 3 4 5 6 7 8 9 |  9.1
Invocations    | 1 2 3 5 6 8 9 10 11 13 14 15 16 17 18 19 20 21 23 | 23.6
Armour         | 2 3 4 5 6 7 9 10 11 13 15 16 18 19 20 21 | 21.0
Shields        | 2 3 4 6 8 10 11 13 14 16 17 18 19 20 21 | 21.4
Fighting       | 1 2 3 4 5 6 7 8 9 10 11 12 13 14 15 16 | 16.2
Dodging        | 3 4 5 6 7 8 9 10 11 12 13 14 15 16 17 18 19 | 19.2
Evocations     | 2 4 5 7 9 11 12 13 14 16 18 20 22 23 | 23.0
Stealth        | |  2.4
Spellcasting   | |  2.6
Conjurations   | |  0.8
Summonings     | |  0.8
Translocations | |  1.1

Action                   |  1- 3 |  4- 6 |  7- 9 | 10-12 | 13-15 | 16-18 | 19-21 | 22-24 | 25-27 || total
-------------------------+-------+-------+-------+-------+-------+-------+-------+-------+-------++-------
Melee: Falchion          |    89 |   145 |   350 |    38 |       |       |       |       |       ||   622
       War axe           |       |       |       |   327 |       |       |       |       |       ||   327
       Broad axe         |       |       |       |   113 |  1016 |   951 |  1302 |  1066 |   446 ||  4894
       Scimitar          |       |       |       |    10 |    78 |       |       |       |       ||    88
       Bite              |       |       |       |       |       |    13 |   123 |       |       ||   136
       Pseudopods        |       |       |       |       |       |       |       |   146 |   142 ||   288
       Headbutt          |       |       |       |       |       |       |       |    28 |   152 ||   180
 Cast: Magic Dart        |     3 |       |       |       |       |       |       |       |       ||     3
Invok: Heroism           |       |       |    11 |    24 |     9 |       |       |       |       ||    44
       Finesse           |       |       |       |     4 |     3 |       |       |       |       ||     7
       Slimify           |       |       |       |       |     3 |     1 |       |       |       ||     4
 Abil: Heal Wounds       |     2 |     3 |    13 |    26 |     7 |     3 |       |     3 |    15 ||    72
Evoke: Wand              |       |       |       |    15 |     4 |     1 |       |       |     1 ||    21
       Tin of tremorston |       |       |       |       |       |     2 |     2 |     2 |     3 ||     9
       Condenser vane    |       |       |       |       |       |       |       |     1 |     2 ||     3
  Use: Scroll            |     4 |     2 |    11 |     6 |    13 |     5 |     8 |     8 |     3 ||    60
       Potion            |       |     3 |       |     2 |     5 |     3 |     2 |     4 |     2 ||    21
 Stab: Sleeping          |       |     1 |       |       |       |       |       |       |       ||     1
       Paralysed         |       |       |       |     4 |       |       |       |       |       ||     4
       Petrified         |       |       |       |       |    16 |       |       |       |       ||    16
       Petrifying        |       |       |       |       |     2 |       |       |       |       ||     2
       Invisible         |       |       |       |       |       |     5 |       |       |       ||     5
       Confused          |       |       |       |       |       |       |     2 |     2 |     8 ||    12
       Distracted        |       |       |       |       |       |       |     1 |       |       ||     1
Armor: Ring mail         |    36 |    40 |       |       |       |       |       |       |       ||    76
       Skin              |       |    15 |       |       |       |       |       |       |       ||    15
       Scale mail        |       |    10 |   164 |   137 |       |       |       |       |       ||   311
       Plate armour      |       |       |       |   134 |   864 |   442 |   755 |   147 |       ||  2342
       Gold dragon scale |       |       |       |       |       |       |       |   329 |   209 ||   538
Dodge: Dodged            |    55 |    64 |   157 |   222 |   539 |   371 |   495 |   372 |   170 ||  2445
Block: Buckler           |     3 |    10 |    62 |   156 |   406 |   171 |       |       |       ||   808
       Kite shield       |       |       |       |       |       |   447 |  1163 |   887 |   412 ||  2909
       Reflection        |       |       |       |       |       |    62 |    77 |    60 |     9 ||   208

Table legend: (Time is in decaauts)
 A = Elapsed time spent in this place.
 B = Non-inter-level travel time spent in this place.
 C = Inter-level travel time spent in this place.
 D = Time resting spent in this place.
 E = Time spent auto-exploring this place.
 F = Levels seen in this place.
 G = Mean time per level.
                   A        B        C        D        E       F      G
               +--------+--------+--------+--------+--------+-----+--------+
         Total |  40639 |  34936 |   5703 |   1038 |  19041 |  61 |  666.2 |
       Dungeon |  12564 |  10342 |   2222 |    337 |   5716 |  15 |  837.6 |
          Lair |   6651 |   5570 |   1081 |     57 |   3806 |   6 | 1108.5 |
         Swamp |   2114 |   1944 |    170 |     23 |   1123 |   4 |  528.5 |
     Snake Pit |   3212 |   2911 |    301 |     51 |   1555 |   4 |  803.0 |
    Slime Pits |    282 |    186 |     96 |      0 |    119 |   5 |   56.4 |
  Orcish Mines |   1368 |   1120 |    248 |      0 |    677 |   2 |  684.0 |
   Elven Halls |   2166 |   2065 |    101 |      0 |   1221 |   3 |  722.0 |
        Vaults |   6363 |   5393 |    970 |     95 |   2555 |   5 | 1272.6 |
        Depths |   4064 |   3611 |    453 |    301 |   1428 |   4 | 1016.0 |
           Zot |   1250 |   1193 |     57 |      0 |    841 |   3 |  416.7 |
      Ziggurat |    388 |    388 |      0 |    173 |      0 |   8 |   48.5 |
         Trove |     66 |     66 |      0 |      0 |      0 |   1 |   66.0 |
       Volcano |    145 |    145 |      0 |      0 |      0 |   1 |  145.0 |
               +--------+--------+--------+--------+--------+-----+--------+

Top non-repeatable levels by time:
Vaults:1: 1468 daAuts
Vaults:4: 1430 daAuts
Vaults:3: 1410 daAuts
  Lair:1: 1393 daAuts
Depths:4: 1291 daAuts
  Lair:5: 1290 daAuts
  Lair:6: 1268 daAuts
 Snake:1: 1264 daAuts
    D:15: 1251 daAuts
  Lair:3: 1210 daAuts
Vaults:2: 1155 daAuts
     D:8: 1075 daAuts
     D:4: 1024 daAuts
 Snake:4: 986 daAuts
    D:12: 985 daAuts

Table legend:
 A = Kills in this place as a percentage of kills in entire the game.
 B = Kills by you in this place as a percentage of kills by you in the entire game.
 C = Kills by friends in this place as a percentage of kills by friends in the entire game.
 D = Other kills in this place as a percentage of other kills in the entire game.
 E = Experience gained in this place as a percentage of experience gained in the entire game.
 F = Experience gained in this place divided by the number of levels of this place that you have seen.
                   A       B       C       D       E      F
               +-------+-------+-------+-------+-------+----------------------
         Total | 100.0 | 100.0 |   N/A | 100.0 | 100.0 | 19393.5
       Dungeon |  16.9 |  16.9 |   N/A |  16.7 |   5.8 | 4561.6
          Lair |  14.1 |  14.1 |   N/A |   0.0 |   7.0 | 13893.0
         Swamp |   7.6 |   7.6 |   N/A |   0.0 |   7.1 | 20860.2
     Snake Pit |   9.2 |   9.1 |   N/A |  50.0 |   8.6 | 25453.0
  Orcish Mines |   4.8 |   4.8 |   N/A |   0.0 |   0.9 | 5593.5
   Elven Halls |   6.8 |   6.8 |   N/A |   0.0 |   8.2 | 32163.3
        Vaults |  19.7 |  19.7 |   N/A |  33.3 |  28.4 | 67233.8
        Depths |  14.9 |  14.9 |   N/A |   0.0 |  24.8 | 73461.8
           Zot |   3.3 |   3.3 |   N/A |   0.0 |   6.0 | 23717.3
      Ziggurat |   2.4 |   2.4 |   N/A |   0.0 |   2.9 | 4334.6
       Volcano |   0.3 |   0.3 |   N/A |   0.0 |   0.2 | 2447.0
               +-------+-------+-------+-------+-------+----------------------
